[Event "Early-Titled-Tuesday-Blitz-January-23-2024"]
[Site "Chess.com"]
[Date "2024.01.23"]
[Round "5"]
[White "FREZZY23"]
[Black "Titus369"]
[Result "1-0"]
[WhiteElo "2479"]
[BlackElo "2648"]
[TimeControl "180+1"]
[EndTime "8:54:52 PST"]
[Termination "FREZZY23 won by resignation"]

1. d4 d5 2. Nf3 Nf6 3. g3 e6 4. Bg2 Be7 5. O-O O-O 6. c3 b5 7. a4 b4 8. cxb4 Bxb4 9. Qc2 a5 10. Bf4 Bd6 11. Bxd6 cxd6 12. Rc1 Na6 13. Nbd2 Ra7 14. Ne1 Nb4 15. Qc3 Ba6 16. Bf1 Ne4 17. Nxe4 dxe4 18. Nc2 Nd5 19. Qd2 f5 20. b4 axb4 21.
Nxb4 Nxb4 22. Qxb4 f4 23. Rc6 fxg3 24. fxg3 Qf6 25. Qxd6 Bb7 26. Qxe6+ Qxe6 27. Rxe6 Bd5 28. Re5 Bc6 29. a5 e3 30. Rxe3 Rd8 31. Rd3 Be4 32. Rd2 Rd5 33. a6 Rd6 34. e3 Kf8 35. Rf2+ Ke7 36.
Rf4 Bc6 37. Rc1 Bd7 38. Rc5 h6 39. Re5+ Kd8 40. Rf8+ Kc7 41. Rc5+ Rc6 42. Rxc6+ Kxc6 43. Rf7 g5 44. Bh3 Bxh3 45. Rxa7 Kb6 46. Rh7 1-0

[Event "Early-Titled-Tuesday-Blitz-January-23-2024"]
[Site "Chess.com"]
[Date "2024.01.23"]
[Round "5"]
[White "arnash_bauyrzhan"]
[Black "NovakRatko"]
[Result "0-1"]
[WhiteElo "2187"]
[BlackElo "2342"]
[TimeControl "180+1"]
[EndTime "8:54:53 PST"]
[Termination "NovakRatko won by resignation"]

1. e4 d5 2. exd5 c6 3. d4 cxd5 4. Nf3 Nc6 5. Bd3 Bg4 6. c3 f6 7.
O-O e6 8. h3 Bh5 9. Re1 Qd7 10.
Bf5 Bf7 11. Qe2 Nd8 12. c4 Ne7 13. Bd3 Bh5 14. cxd5 exd5 15. Nc3 Nc6 16. Bb5 O-O-O 17. Bf4 g5 18. Bg3 g4 19. hxg4 Bxg4 20. Bxc6 Nxc6 21. Nb5 a6 22. Rac1 axb5 23. Qxb5 Bd6 24. Bxd6 Qxd6 25. Re3 Bxf3 26. Rxf3 Rhe8 27. Ra3 Kc7 28. Rb3 Rb8 29.
Qb6+ Kd7 30. Rh3 Re7 31. Rhc3 Qc7 32. Qc5 Rbe8 33. Qxd5+ Qd6 34. Qb5 Re1+ 35. Rxe1 Rxe1+ 0-1

[Event "Early-Titled-Tuesday-Blitz-January-23-2024"]
[Site "Chess.com"]
[Date "2024.01.23"]
[Round "5"]
[White "Alex_Sahakyan2006"]
[Black "shimastream"]
[Result "0-1"]
[WhiteElo "2715"]
[BlackElo "3020"]
[TimeControl "180+1"]
[EndTime "8:54:54 PST"]
[Termination "shimastream won on time"]

1. d4 Nf6 2. c4 e6 3. Nf3 d5 4. Nc3 dxc4 5. e4 b5 6. Nxb5 Nxe4 7. Qa4 c6 8. Nc3 Nf6 9. Bxc4 Be7 10. Be3 O-O 11. O-O Nbd7 12. Qc2 Bb7 13. Ne5 Rc8 14. Rad1 Qc7 15. Rfe1 Nb6 16. Bd3 c5 17. Qb1 cxd4 18. Bxd4 Rfd8 19. Nb5 Qb8 20. Bc3 Nbd5 21. Ba5 Re8 22. Nd4 Bc5 23. Nb3 Bd6 24.
Nf3 Nf4 25. Bf1 Bxf3 26. gxf3 Bb4 27. Bxb4 Qxb4 28. Rd4 Qb8 29. Qd1 N6d5 30. a3 Qb7 31. Bc4 Qe7 32. Bxd5 Qg5+ 0-1

[Event "Early-Titled-Tuesday-Blitz-January-23-2024"]
[Site "Chess.com"]
[Date "2024.01.23"]
[Round "5"]
[White "rhungaski"]
[Black "sonicdravise"]
[Result "1-0"]
[WhiteElo "2515"]
[BlackElo "2632"]
[TimeControl "180+1"]
[EndTime "8:54:54 PST"]
[Termination "rhungaski won by checkmate"]

1. e4 c6 2. d4 d5 3. e5 Bf5 4. g4 Be4 5. f3 Bg6 6. e6 Qd6 7.
exf7+ Bxf7 8. f4 Nd7 9. Nf3 O-O-O 10. Nc3 Ngf6 11. Ne5 Be8 12. Bh3 Kb8 13. Qe2 Qb4 14. Be3 Qxb2 15. Kd2 Nxe5 16. fxe5 Ne4+ 17. Nxe4 dxe4 18. Qc4 e6 19. Rhb1 Qa3 20. Rb3 Qa5+ 21. c3 Qd5 22. Bf1 Be7 23. Rab1 Rd7 24. Qa6 c5 25. Bc4 cxd4 26. Bxd5 dxe3+ 27. Ke2 b6 28. Rxb6+ axb6 29. Qa8+ Kc7 30. Qb7+ Kd8 31. Qb8# 1-0

[Event "Early-Titled-Tuesday-Blitz-January-23-2024"]
[Site "Chess.com"]
[Date "2024.01.23"]
[Round "5"]
[White "pfalcon1949"]
[Black "Tsyhanchuk_Stanislav"]
[Result "1-0"]
[WhiteElo "2026"]
[BlackElo "2273"]
[TimeControl "180+1"]
[EndTime "8:54:54 PST"]
[Termination "pfalcon1949 won by checkmate"]

1. e4 c5 2. Nf3 Nc6 3. d4 cxd4 4. Nxd4 Qb6 5. Nb5 a6 6. N5c3 Nf6 7. Bd3 e6 8. O-O Be7 9. Nd2 O-O 10. Nc4 Qc7 11. Bg5 b5 12. Ne3 Bb7 13. a3 d6 14.
Kh1 Rad8 15. f4 b4 16. axb4 Nxb4 17. Qe1 d5 18. e5 Ne4 19. Bxe7 Qxe7 20. Bxe4 dxe4 21.
Qg3 f5 22. exf6 Qxf6 23. f5 exf5 24. Rxf5 Qd6 25. Rxf8+ Qxf8 26. Rf1 Qc5 27. Qh3 Bc8 28. Qg3 Re8 29. h3 Nc6 30. Ncd5 Kh8 31. Rf7 Qd4 32.
Nf6 Rg8 33. Qh4 h6 34. Qxh6+ gxh6 35. Rh7# 1-0

[Event "Early-Titled-Tuesday-Blitz-January-23-2024"]
[Site "Chess.com"]
[Date "2024.01.23"]
[Round "5"]
[White "Druid24"]
[Black "JimDiGrease"]
[Result "0-1"]
[WhiteElo "2699"]
[BlackElo "2966"]
[TimeControl "180+1"]
[EndTime "8:54:55 PST"]
[Termination "JimDiGrease won by checkmate"]

1. e4 c5 2. Nf3 e6 3. Nc3 Nc6 4. d4 cxd4 5. Nxd4 Nf6 6. Nxc6 bxc6 7. e5 Nd5 8. Ne4 Qc7 9. f4 Rb8 10. c4 Bb4+ 11. Ke2 O-O 12. cxd5 cxd5 13. Ng5 d6 14. Nf3 dxe5 15. fxe5 f6 16. exf6 Rxf6 17. Be3 Bb7 18.
Rc1 Qf7 19. Qd4 Bd6 20. Ke1 e5 21. Qa4 d4 22. Bc4 Bd5 23. Bg5 Rf5 24. b3 e4 25.
Bxd5 Qxd5 26. Nxd4 Rxg5 27. g3 Bb4+ 28. Ke2 Qxd4 29. Rhd1 Qf6 30. Qd7 Qf3# 0-1

[Event "Early-Titled-Tuesday-Blitz-January-23-2024"]
[Site "Chess.com"]
[Date "2024.01.23"]
[Round "5"]
[White "Aash20"]
[Black "ScofieldMichael01"]
[Result "1-0"]
[WhiteElo "2502"]
[BlackElo "2605"]
[TimeControl "180+1"]
[EndTime "8:54:55 PST"]
[Termination "Aash20 won by checkmate"]

1. e4 e6 2. d4 d5 3. Nd2 Nf6 4.
e5 Nfd7 5. Bd3 c5 6. c3 Nc6 7. Ngf3 cxd4 8. cxd4 Qb6 9. O-O Nxd4 10. Nxd4 Qxd4 11.
Nf3 Qb4 12. a3 Qb6 13. Qa4 Be7 14. Qg4 g6 15. b4 Qc7 16. Bb2 Nb6 17. Rac1 Qd8 18.
Rc2 Bd7 19. Rfc1 O-O 20. Bd4 Nc4 21. Bxc4 dxc4 22. Rxc4 Bc6 23. Be3 Bd5 24. Rc7 Bc6 25.
Rxe7 Qxe7 26. Bc5 Qd7 27. Bxf8 Rxf8 28. Qd4 Rd8 29. Rd1 Qd5 30. Qxd5 Bxd5 31. Nd4 Rc8 32. f3 a6 33. Rd3 Rc1+ 34. Kf2 Ra1 35. Rc3 Ra2+ 36.
Kg3 Kg7 37. b5 a5 38. h4 a4 39. h5 Rd2 40. Nc2 Bb3 41. Ne3 Ra2 42. Ng4 gxh5 43.
Nf6 Rxa3 44. Rc8 Ra1 45. Rg8+ Kh6 46. Kf4 h4 47. Rg5 Bc2 48. Ng8# 1-0

[Event "Early-Titled-Tuesday-Blitz-January-23-2024"]
[Site "Chess.com"]
[Date "2024.01.23"]
[Round "5"]
[White "Grischuk"]
[Black "Makswolf200817"]
[Result "1-0"]
[WhiteElo "3074"]
[BlackElo "2737"]
[TimeControl "180+1"]
[EndTime "8:54:57 PST"]
[Termination "Grischuk won by checkmate"]

1. d4 d5 2. Nf3 Nf6 3. Bg5 e6 4. Nbd2 Be7 5. e3 b6 6. Ne5 O-O 7. Bd3 h6 8. Bf4 Bb7 9. Qf3 c5 10. O-O Nc6 11. c3 Nxe5 12. Bxe5 a5 13. Rfe1 Ba6 14.
Bc2 Bb7 15. Rad1 Bd6 16. Qg3 Bxe5 17. dxe5 Nd7 18. f4 Qe7 19. Nf3 Rad8 20. a4 Bc6 21. Rd2 Nb8 22. Qh3 Qe8 23. g4 Bxa4 24. Bb1 f6 25.
exf6 Rxf6 26. g5 hxg5 27. fxg5 Rxf3 28. Qxf3 Nd7 29. Qh3 Nf8 30. Rf1 Bb5 31. Rf3 e5 32. Rdf2 Ng6 33. Qh5 e4 34. Rh3 Nf8 35. Qh8# 1-0

[Event "Early-Titled-Tuesday-Blitz-January-23-2024"]
[Site "Chess.com"]
[Date "2024.01.23"]
[Round "5"]
[White "HATilay"]
[Black "ImportedItalianMaple"]
[Result "0-1"]
[WhiteElo "2575"]
[BlackElo "2471"]
[TimeControl "180+1"]
[EndTime "8:54:57 PST"]
[Termination "ImportedItalianMaple won by checkmate"]

1. d4 g6 2. c4 Bg7 3. Nc3 c5 4. d5 Bxc3+ 5. bxc3 e5 6. e4 d6 7. h4 h6 8. Be2 Nf6 9. f3 Kd7 10. Be3 Kc7 11. Qd2 Qf8 12. g4 h5 13.
g5 Ne8 14. a4 Qg7 15. a5 f5 16.
gxf6 Nxf6 17. Bd3 Na6 18. Ne2 Bd7 19. f4 Ng4 20. fxe5 Nxe5 21. Nf4 Nf3+ 22. Ke2 Nxd2 23. Bxd2 Bg4+ 24. Ke1 Rae8 25. Rg1 Kc8 26. Be3 Nc7 27.
Kd2 Re7 28. Raf1 Rhe8 29. Rf2 Na6 30. Rfg2 Nb8 31. Ne6 Qg8 32. Bg5 Rxe6 33. dxe6 Qxe6 34. Rf2 Nd7 35. Rgf1 Ne5 36. Rf6 Qd7 37. Bf4 Qe7 38. Bg5 Nxd3 39. Kxd3 Qxe4+ 40. Kd2 Qe2+ 41. Kc1 Qa2 42.
R6f2 Qa1+ 43. Kd2 Qb2+ 44. Kd3 Be2+ 45. Rxe2 Qxe2# 0-1

[Event "Early-Titled-Tuesday-Blitz-January-23-2024"]
[Site "Chess.com"]
[Date "2024.01.23"]
[Round "5"]
[White "Kunalm64"]
[Black "stratacticos"]
[Result "1-0"]
[WhiteElo "2389"]
[BlackElo "2028"]
[TimeControl "180+1"]
[EndTime "8:54:57 PST"]
[Termination "Kunalm64 won on time"]

1. e4 c5 2. Nf3 Nc6 3. Bb5 Na5 4.
Be2 a6 5. O-O Nc6 6. d4 cxd4 7.
Nxd4 e5 8. Nxc6 bxc6 9. c4 Nf6 10.
Nc3 Bb4 11. Bd2 O-O 12. a3 Ba5 13. b4 Bc7 14. Bg5 h6 15. Bh4 d6 16. h3 Be6 17.
Rc1 Qe7 18. Bg3 Rad8 19. Qa4 Bd7 20. Rfd1 Ra8 21. Qc2 Be6 22. Nd5 cxd5 23. cxd5 Rac8 24. dxe6 fxe6 25. Bxa6 Bb6 26. Bxc8 Nh5 27. Kh2 Nxg3 28. fxg3 Rf2 29. Rd2 Rf8 30. Qb3 Rf6 31. a4 Kh7 32. a5 Bd4 33. b5 Rg6 34. Rxd4 exd4 35. b6 1-0

[Event "Early-Titled-Tuesday-Blitz-January-23-2024"]
[Site "Chess.com"]
[Date "2024.01.23"]
[Round "5"]
[White "Denis_Makhnyov"]
[Black "kingofthenil"]
[Result "1-0"]
[WhiteElo "3028"]
[BlackElo "2685"]
[TimeControl "180+1"]
[EndTime "8:54:58 PST"]
[Termination "Denis_Makhnyov won on time"]

1. d4 d6 2. c4 e5 3. Nf3 e4 4. Ng5 f5 5. Nc3 Be7 6. Nh3 Nf6 7. g3 c6 8. Bg2 O-O 9. O-O Na6 10. a3 Nc7 11. d5 Ng4 12. f3 exf3 13. exf3 Ne5 14. f4 Nxc4 15. dxc6 bxc6 16. Bxc6 Ba6 17. Re1 Bf6 18.
Nd5 Rb8 19. Qa4 Nb6 20. Nxb6 Rxb6 21. Be3 Rxb2 22. Bxa7 Kh8 23. Bd4 Bb5 24. Bxb5 Nxb5 25. Bxb2 Qb6+ 26. Nf2 Bxb2 27. Rab1 Nc3 28. Re8 1-0

[Event "Early-Titled-Tuesday-Blitz-January-23-2024"]
[Site "Chess.com"]
[Date "2024.01.23"]
[Round "5"]
[White "Djager97"]
[Black "atalz0"]
[Result "0-1"]
[WhiteElo "2574"]
[BlackElo "2469"]
[TimeControl "180+1"]
[EndTime "8:54:58 PST"]
[Termination "atalz0 won by resignation"]

1. e4 d5 2. exd5 Nf6 3. d4 Nxd5 4. c4 Nb6 5. Nc3 e5 6. Nf3 Bg4 7. d5 Bb4 8. Be2 O-O 9. O-O Bxf3 10. Bxf3 Bxc3 11.
bxc3 Nxc4 12. Qb3 Nb6 13. c4 Re8 14. c5 e4 15. cxb6 exf3 16. bxc7 Qxc7 17. Qxf3 Nd7 18. Bf4 Ne5 19. Qg3 f6 20. Rad1 Rad8 21. Rfe1 Qd6 22. h3 Re7 23. Be3 b6 24. Qh4 Ng6 25. Qd4 Re5 26. Qa4 Rxd5 27. Rxd5 Qxd5 28. Qxa7 Nh4 29. f3 b5 30. Bf2 Qg5 31. Bxh4 Qxh4 32. Qe7 Qd4+ 33. Kh1 Qd7 34. Qb4 Re8 35. Qb3+ Kf8 36. Rd1 Qe7 37. Qb4 Qxb4 0-1

[Event "Early-Titled-Tuesday-Blitz-January-23-2024"]
[Site "Chess.com"]
[Date "2024.01.23"]
[Round "5"]
[White "Harry_Rakkel"]
[Black "Mikhail_Golubev"]
[Result "1-0"]
[WhiteElo "2664"]
[BlackElo "2505"]
[TimeControl "180+1"]
[EndTime "8:54:59 PST"]
[Termination "Harry_Rakkel won on time"]

1. e4 c5 2. Nf3 d6 3. d4 Nf6 4. Nc3 cxd4 5. Nxd4 g6 6. Be3 Bg7 7. f3 Nc6 8. Bc4 O-O 9. Bb3 Bd7 10. h4 h5 11. Qe2 Ne5 12. O-O-O Rc8 13. Nd5 Nxd5 14. exd5 a5 15. a3 a4 16. Ba2 b5 17. Nxb5 Rb8 18.
c4 Nxc4 19. Bxc4 Bxb5 20. Bxb5 Qa5 21. Bd4 Bxd4 22. Rxd4 Rxb5 23. Rhd1 Rc8+ 24. Kb1 Qb6 25. Rxa4 Rb8 26. Rd2 Qg1+ 27. Ka2 Rb3 28. Qxe7 Qc1 29.
Qe2 Kh7 30. Ra7 Kg7 31. Rc2 Qg1 32. Ra4 1-0

[Event "Early-Titled-Tuesday-Blitz-January-23-2024"]
[Site "Chess.com"]
[Date "2024.01.23"]
[Round "5"]
[White "ilushka"]
[Black "Alexei_Gubajdullin"]
[Result "0-1"]
[WhiteElo "2451"]
[BlackElo "2586"]
[TimeControl "180+1"]
[EndTime "8:55:00 PST"]
[Termination "Alexei_Gubajdullin won by checkmate"]

1. Nf3 d5 2. g3 c6 3. Bg2 Nf6 4. c4 Bg4 5. O-O e6 6. h3 Bh5 7. cxd5 exd5 8. d4 Nbd7 9. Ne5 Bg6 10. Nc3 Bb4 11. f4 Bxc3 12. bxc3 Be4 13. Ba3 Bxg2 14. Kxg2 Ne4 15. Qd3 f6 16. Ng4 Nb6 17. Nf2 Nxf2 18. Rxf2 Nc4 19. Bc1 Nd6 20. Ba3 Ne4 21. Rf3 b5 22.
Re3 Kf7 23. Rb1 Qd7 24. Bc5 h5 25. Rf1 Rae8 26. a4 a6 27. axb5 axb5 28. Ra1 Ra8 29. Qb1 Qf5 30. Rxa8 Rxa8 31. c4 Nxg3 32. Re7+ Kg6 33.
Qe1 h4 34. cxb5 cxb5 35. Qf2 Ra2 36. Qf3 Qh5 37. Qxh5+ Nxh5 38. Kf3 Ng3 39. e3 Rb2 40. Rd7 Ne4 41. Rxd5 f5 42. Rd7 Rf2# 0-1

[Event "Early-Titled-Tuesday-Blitz-January-23-2024"]
[Site "Chess.com"]
[Date "2024.01.23"]
[Round "5"]
[White "Airquake"]
[Black "Arlo2024"]
[Result "1-0"]
[WhiteElo "2536"]
[BlackElo "2298"]
[TimeControl "180+1"]
[EndTime "8:55:01 PST"]
[Termination "Airquake won by resignation"]

1. g3 c5 2. Bg2 Nc6 3. Nf3 g6 4.
O-O Bg7 5. c3 e5 6. e4 Nge7 7.
d3 O-O 8. Be3 d6 9. a4 h6 10.
Na3 a6 11. Qd2 Kh7 12. Nc4 Be6 13. b3 b5 14. Nb2 Bxb3 15. d4 exd4 16. cxd4 Rb8 17. axb5 axb5 18. d5 Nb4 19. Ra7 Nc2 20. e5 Nxe3 21. fxe3 Bxd5 22. exd6 Qxd6 23. e4 Bxb2 24.
Qxb2 Bxe4 25. Re1 Bxf3 26. Rexe7 Qd4+ 27. Qxd4 cxd4 28. Rxf7+ Rxf7 29. Rxf7+ Kg8 30. Rxf3 b4 31. Rb3 Kf7 32. Kf2 Ke6 33. Ke2 Kd6 34. Kd3 Kc5 35.
Be4 Ra8 36. Bxg6 Ra2 37. h4 Rg2 38. Ke4 Ra2 39. h5 Re2+ 40. Kf3 Rc2 41. Bxc2 1-0

[Event "Early-Titled-Tuesday-Blitz-January-23-2024"]
[Site "Chess.com"]
[Date "2024.01.23"]
[Round "5"]
[White "EdmundPlayer"]
[Black "Eloist"]
[Result "1-0"]
[WhiteElo "2265"]
[BlackElo "2417"]
[TimeControl "180+1"]
[EndTime "8:55:01 PST"]
[Termination "EdmundPlayer won on time"]

1. Nc3 d5 2. e4 d4 3. Nce2 e5 4.
Ng3 Nd7 5. Bc4 Nb6 6. Bb3 c5 7.
d3 Qc7 8. N1e2 c4 9. dxc4 Nxc4 10. O-O Nf6 11. f4 Bg4 12. Qd3 Rc8 13. Bxc4 Qxc4 14. fxe5 Qxd3 15. cxd3 Nd7 16. e6 fxe6 17. Nxd4 Bc5 18.
Be3 Bb6 19. h3 e5 20. Ndf5 Bxf5 21. Bxb6 Bg6 22. Be3 Rc2 23. Rac1 Rxc1 24. Rxc1 O-O 25. Rc7 Nb8 26. Bxa7 Nc6 27. Bc5 Rd8 28. Rxb7 Rxd3 29. Kh2 Rd2 30. a4 h5 31. a5 h4 32. Nf5 1-0

[Event "Early-Titled-Tuesday-Blitz-January-23-2024"]
[Site "Chess.com"]
[Date "2024.01.23"]
[Round "5"]
[White "martinmena"]
[Black "Chessdude1987"]
[Result "0-1"]
[WhiteElo "2065"]
[BlackElo "2277"]
[TimeControl "180+1"]
[EndTime "8:55:01 PST"]
[Termination "Chessdude1987 won on time"]

1. c4 g6 2. g3 Bg7 3. Bg2 d6 4. Nc3 Nf6 5. d3 O-O 6. Bg5 e5 7. Qd2 c5 8. e4 Nc6 9. Nge2 Re8 10. O-O Nd4 11. Nxd4 cxd4 12. Nd5 Be6 13. f4 Bxd5 14. exd5 h6 15. fxe5 hxg5 16. exf6 Bxf6 17. Qf2 Kg7 18. Rae1 Rxe1 19. Rxe1 g4 20. Qf4 Qd7 21. Rf1 Be5 22. Qf2 f5 23. Re1 Rh8 24. c5 Kf6 25. c6 Qh7 26.
Bh1 Qc7 27. b4 b5 28. Qb2 Rh3 29. Bg2 Rh7 30. a4 bxa4 31. Ra1 a5 32. b5 Qe7 33.
Rxa4 Bxg3 34. hxg3 Qe1+ 35. Bf1 Qxg3+ 36. Qg2 Qe3+ 37.
Qf2 Qe5 38. Bg2 Kg5 39. Rxd4 g3 40. Qd2+ f4 41. Rxf4 Qxf4 0-1

[Event "Early-Titled-Tuesday-Blitz-January-23-2024"]
[Site "Chess.com"]
[Date "2024.01.23"]
[Round "5"]
[White "GMAkobianSTL"]
[Black "KevinGeorgeMicheal"]
[Result "1-0"]
[WhiteElo "2758"]
[BlackElo "2343"]
[TimeControl "180+1"]
[EndTime "8:55:02 PST"]
[Termination "GMAkobianSTL won by resignation"]

1. d4 Nf6 2. c4 e6 3. Nf3 d5 4. cxd5 exd5 5. Nc3 Be7 6. Bg5 c6 7.
Qc2 O-O 8. e3 Nbd7 9. Bd3 Re8 10.
O-O Nf8 11. Rab1 a5 12. a3 Ne4 13. Bxe7 Qxe7 14. b4 axb4 15. axb4 Bg4 16. Ne5 Bf5 17. Nxe4 dxe4 18. Bc4 Be6 19. Bxe6 Qxe6 20. b5 f6 21. Nc4 cxb5 22. Nd2 Ra2 23. Rb2 Rc8 24.
Rxa2 Rxc2 25. Rxc2 f5 26. g3 Qd5 27. Ra1 Ne6 28.
Rb2 Kf7 29. Rab1 Nc7 30. Rc1 Ne6 31. Nb1 Kg6 32. Nc3 Qc4 33. Ne2 Qd5 34. Rc5 Qd7 35. Rcxb5 Kf6 36. Rb6 Kg5 37. Kg2 Qd5 38. Rxe6 Qxe6 39.
Rxb7 Kf6 40. h4 Qd6 41. Nf4 h6 42. h5 Kg5 43. Rxg7+ Kf6 44. Rg6+ Ke7 45. Rxd6 Kxd6 46. f3 1-0

[Event "Early-Titled-Tuesday-Blitz-January-23-2024"]
[Site "Chess.com"]
[Date "2024.01.23"]
[Round "5"]
[White "Zallio"]
[Black "Slovineanu"]
[Result "0-1"]
[WhiteElo "2181"]
[BlackElo "2402"]
[TimeControl "180+1"]
[EndTime "8:55:02 PST"]
[Termination "Slovineanu won by resignation"]

1. e4 e5 2. Nf3 Nc6 3. Bc4 Nf6 4. d3 Be7 5. O-O O-O 6. c3 d6 7. h3 Na5 8. Bb5 a6 9. Ba4 b5 10.
Bc2 c5 11. a4 b4 12. Nbd2 Rb8 13. Re1 Re8 14. cxb4 Rxb4 15. Nf1 Nc6 16. Ne3 Be6 17. b3 Nd4 18. Nxd4 cxd4 19. Nc4 Bxc4 20. dxc4 a5 21. f4 Nd7 22. f5 Bg5 23. Ba3 Qb6 24.
Rb1 Nc5 25. Bxb4 Qxb4 26. Qf3 Rb8 27. Rbd1 Nxb3 28. Bxb3 Qxb3 29. Rb1 Qxb1 30. Rxb1 Rxb1+ 31. Kf2 Be3+ 32. Ke2 Rb2+ 33. Ke1 Rb1+ 34. Ke2 Rb4 35. f6 Rxc4 36. Qg4 Bh6 37. fxg7 Rc2+ 38. Kd3 Rc3+ 39. Ke2 d3+ 40. Kf2 d2 0-1

[Event "Early-Titled-Tuesday-Blitz-January-23-2024"]
[Site "Chess.com"]
[Date "2024.01.23"]
[Round "5"]
[White "sergeikim"]
[Black "Gabrielian_Artur"]
[Result "0-1"]
[WhiteElo "2521"]
[BlackElo "2783"]
[TimeControl "180+1"]
[EndTime "8:55:03 PST"]
[Termination "Gabrielian_Artur won on time"]

1. d4 Nf6 2. c4 c5 3. d5 e6 4.
Nc3 exd5 5. cxd5 d6 6. e4 g6 7. Nge2 h5 8. Bg5 Bg7 9. Qd2 a6 10. a4 Nbd7 11. h4 Rb8 12. Ng3 Qa5 13. Be2 b5 14. O-O b4 15. Nd1 Ne5 16. Ne3 O-O 17. f4 Neg4 18. Nc4 Qc7 19. e5 dxe5 20. f5 Bb7 21. d6 Qc6 22. Bf3 e4 23. Bxg4 Nxg4 24.
f6 Bh8 25. Na5 Qd7 26. Nxb7 Qxb7 27. Rad1 e3 28. Bxe3 Bxf6 29. Bxc5 Bxh4 30. Qf4 Qc6 31. Rc1 Qd5 32. Ne4 Rbe8 33. Ng3 Bg5 34. Qf3 Qxf3 35.
gxf3 Bxc1 36. Rxc1 Ne5 0-1

[Event "Early-Titled-Tuesday-Blitz-January-23-2024"]
[Site "Chess.com"]
[Date "2024.01.23"]
[Round "5"]
[White "UnTucopalaTimba"]
[Black "invisible_s0ul"]
[Result "0-1"]
[WhiteElo "1962"]
[BlackElo "2242"]
[TimeControl "180+1"]
[EndTime "8:55:03 PST"]
[Termination "invisible_s0ul won by resignation"]

1. e4 c5 2. Nf3 e6 3. c3 d5 4.
exd5 exd5 5. d4 Nf6 6. Bg5 Be6 7. Bb5+ Nbd7 8. O-O Be7 9. dxc5 Bxc5 10. Nbd2 O-O 11. Nb3 Be7 12. Nbd4 a6 13. Nxe6 fxe6 14. Bd3 e5 15.
Bc2 h6 16. Bxf6 Nxf6 17. Nxe5 Bd6 18. Nf3 Bc7 19. Bb3 Qd6 20. g3 Rad8 21. Re1 Kh8 22. Nh4 Ne4 23. Qxd5 Nxf2 24. Qxd6 Rxd6 25. Rf1 Bb6 26. Kg2 Rd2 27. Nf3 Rxb2 28. Rab1 Re2 29. Bc4 Rc2 30. Rxb6 Ng4+ 31. Kg1 Ne3 32. Bd3 Rxc3 33.
Rd6 Nxf1 34. Bxf1 Rcxf3 0-1

[Event "Early-Titled-Tuesday-Blitz-January-23-2024"]
[Site "Chess.com"]
[Date "2024.01.23"]
[Round "5"]
[White "Njal28"]
[Black "Bauman_Guy"]
[Result "1-0"]
[WhiteElo "3052"]
[BlackElo "2886"]
[TimeControl "180+1"]
[EndTime "8:55:04 PST"]
[Termination "Njal28 won by resignation"]

1. d4 Nf6 2. c4 e6 3. Nc3 Bb4 4. e3 O-O 5. a3 Bxc3+ 6. bxc3 b6 7.
Ne2 Ba6 8. Ng3 Nc6 9. e4 Ne8 10. Bd3 Na5 11. Qe2 c5 12. d5 Nb3 13. Rb1 Nxc1 14.
Rxc1 Qh4 15. O-O Nf6 16. e5 Ng4 17. h3 Nh6 18. Ne4 Nf5 19. f4 d6 20. dxe6 fxe6 21. exd6 Rad8 22. Rcd1 Bc8 23. Bc2 h6 24. Rd2 Bb7 25.
Nxc5 bxc5 26. Qxe6+ Rf7 27. Bxf5 Bc8 28. d7 Bxd7 29.
Rxd7 Rxd7 30. Qe8+ Rf8 31. Be6+ Kh7 32. Qxf8 Rd8 33.
Bf5+ g6 34. Qf7+ Kh8 35. Qxg6 1-0

[Event "Early-Titled-Tuesday-Blitz-January-23-2024"]
[Site "Chess.com"]
[Date "2024.01.23"]
[Round "5"]
[White "luckyswitchback"]
[Black "guillembaches"]
[Result "1-0"]
[WhiteElo "2711"]
[BlackElo "2534"]
[TimeControl "180+1"]
[EndTime "8:55:04 PST"]
[Termination "luckyswitchback won by resignation"]

1. e4 d5 2. exd5 Qxd5 3. Nc3 Qa5 4. d4 Nf6 5. Nf3 Bf5 6. Bc4 e6 7. Bd2 Bb4 8. Qe2 O-O 9. O-O Nc6 10. a3 Bxc3 11. Bxc3 Qb6 12. Ne5 Nxd4 13. Bxd4 Qxd4 14. Rad1 Qxb2 15. Bb3 Qxa3 16. g4 Bg6 17. h4 h6 18.
Nxg6 fxg6 19. g5 hxg5 20. hxg5 Nh5 21. Rd3 Qc5 22. Rh3 Qxg5+ 23. Kh1 Rf6 24. Bxe6+ Kh7 25. Rg1 Qf4 26. Bc4 Raf8 27. Bd3 Rf5 28. Rg4 Qxf2 29. Qxf2 Rxf2 30. Bxg6+ Kg8 31. Rxh5 Rd2 32. Bh7+ Kh8 33. Bd3+ Kg8 34. Bc4+ 1-0

[Event "Early-Titled-Tuesday-Blitz-January-23-2024"]
[Site "Chess.com"]
[Date "2024.01.23"]
[Round "5"]
[White "SirStrateg"]
[Black "Genghis_K"]
[Result "1-0"]
[WhiteElo "2642"]
[BlackElo "2837"]
[TimeControl "180+1"]
[EndTime "8:55:05 PST"]
[Termination "SirStrateg won by resignation"]

1. d4 Nf6 2. Bg5 c5 3. Bxf6 gxf6 4. c3 Qb6 5. Qd2 d5 6. e3 e5 7. Nf3 Nc6 8. dxc5 Qxc5 9. Na3 Be6 10. Nc2 Rg8 11. g3 O-O-O 12. b4 Qb6 13. a4 h5 14. a5 Qc7 15. a6 b6 16. Bb5 Bg4 17.
Nh4 Bh6 18. f4 exf4 19. exf4 Rge8+ 20. Kf2 Re4 21. Rhe1 Ne5 22. Nd4 Bh3 23. Nhf5 Ng4+ 24.
Kg1 Bf8 25. Nc6 Rde8 26. Nxa7+ Qxa7 27. Bxe8 b5+ 28. Nd4 f5 29. Bxb5 Bg7 30. Rxe4 fxe4 31. Bf1 e3 32. Qd3 Nf2 33. Qxe3 Bxf1 34. Kxf1 Ne4 35. Ke2 Kd7 36. Qd3 h4 37. Qb5+ Kd6 38.
Qc6+ Ke7 39. Qb7+ 1-0

[Event "Early-Titled-Tuesday-Blitz-January-23-2024"]
[Site "Chess.com"]
[Date "2024.01.23"]
[Round "5"]
[White "RaugintaBulba"]
[Black "AnaKuchava"]
[Result "0-1"]
[WhiteElo "2445"]
[BlackElo "2227"]
[TimeControl "180+1"]
[EndTime "8:55:06 PST"]
[Termination "AnaKuchava won on time"]

1. d4 d5 2. c4 e6 3. Nf3 Nf6 4. g3 Bb4+ 5. Bd2 Be7 6. Bg2 O-O 7. O-O c6 8. Qc2 b6 9. Rd1 Ba6 10. Ne5 Nfd7 11. cxd5 cxd5 12. e4 Nxe5 13. dxe5 d4 14. Be3 d3 15. Qb3 Nd7 16. Qa4 Qc8 17. f4 Nc5 18.
Bxc5 Bxc5+ 19. Kh1 Rd8 20. Nc3 Qb7 21. a3 Rac8 22. Qb3 Bd4 23. Rac1 Bc4 24. Qa4 b5 25. Qa5 Bb6 26. Qb4 a5 27. Qxb5 Bxb5 28. Nxb5 Rxc1 29.
Rxc1 d2 30. Rd1 Qc6 31. Nc3 Qc4 32. Bf1 Qb3 0-1

[Event "Early-Titled-Tuesday-Blitz-January-23-2024"]
[Site "Chess.com"]
[Date "2024.01.23"]
[Round "5"]
[White "baki83"]
[Black "Jumbo"]
[Result "0-1"]
[WhiteElo "2844"]
[BlackElo "2974"]
[TimeControl "180+1"]
[EndTime "8:55:07 PST"]
[Termination "Jumbo won on time"]

1. e4 c5 2. Nf3 d6 3. Bb5+ Bd7 4. Bxd7+ Nxd7 5. O-O Ngf6 6. Re1 e6 7. c3 Be7 8. d4 O-O 9. Bf4 Qb6 10. Qe2 d5 11. exd5 Nxd5 12. Bg3 cxd4 13. Nxd4 N7f6 14. a4 a6 15. a5 Qd8 16. Nd2 Bc5 17. N4b3 Ba7 18.
Nc4 Qd7 19. Nbd2 Rfd8 20. Nf3 Qe7 21. Rad1 Bc5 22. Nfe5 h6 23. Qf3 Nh7 24. h4 Nhf6 25. Rd2 Qe8 26. Red1 Be7 27. Nb6 Nxb6 28. axb6 Rxd2 29.
Rxd2 Qc8 30. b4 a5 31. bxa5 Rxa5 32. Rd1 Bd8 33. Rb1 Ra3 0-1

[Event "Early-Titled-Tuesday-Blitz-January-23-2024"]
[Site "Chess.com"]
[Date "2024.01.23"]
[Round "5"]
[White "ljuks68"]
[Black "Sadykov_Ramil"]
[Result "0-1"]
[WhiteElo "2472"]
[BlackElo "2610"]
[TimeControl "180+1"]
[EndTime "8:55:07 PST"]
[Termination "Sadykov_Ramil won by resignation"]

1. e4 c5 2. Nf3 Nc6 3. d4 cxd4 4. Nxd4 g6 5. c4 Nf6 6. Nc3 d6 7. Be2 Nxd4 8. Qxd4 Bg7 9. Be3 O-O 10. Qd2 a5 11. f3 a4 12. Rc1 Qa5 13. Nd5 Qxd2+ 14. Kxd2 Nxd5 15. cxd5 Bxb2 16. Rc7 e6 17. g4 exd5 18.
exd5 Ra5 19. Bc4 b5 20. Bd3 b4 21. Bc4 b3 22. axb3 a3 23. b4 Ra4 24. Ba2 Rxb4 25. Bh6 Bg7 26. Bxg7 Kxg7 27. Rhc1 Ba6 28. R1c3 Rb2+ 29.
Rc2 Rfb8 30. Rxb2 axb2 31. Kc2 Be2 32. Rc3 g5 33. Bb3 Kf6 34. Ba2 Rb5 35. Re3 Bc4 36.
Bb1 Bxd5 37. Kc3 Be6 38. Kd4 Rb4+ 39. Kc3 Rb3+ 40. Kd2 Rxe3 41. Kxe3 Ke5 0-1